 Dungeon Crawl Stone Soup version 0.24-a0-251-g44e327e (webtiles) character file.

Game seed: 15782731476389942778

75 Borgoz the Cutter (level 4, 0/28 HPs)
             Began as a Kobold Gladiator on Apr 16, 2019.
             Slain by Grinder (4 damage)
             ... on level 3 of the Dungeon.
             The game lasted 00:04:09 (2285 turns).

Borgoz the Cutter (Kobold Gladiator)                Turns: 2285, Time: 00:04:09

Health: 0/28       AC:  4    Str: 12    XL:     4   Next: 55%
Magic:  4/4        EV: 16    Int:  9    God:
Gold:   87         SH:  0    Dex: 16    Spells: 3/3 levels left

rFire    . . .     SeeInvis .   a - +0 rapier
rCold    . . .     Gourm    .   (shield restricted)
rNeg     . . .     Faith    .   b - +0 leather armour
rPois    .         Spirit   .   c - +0 helmet
rElec    .         Reflect  .   (no cloak)
rCorr    .         Harm     .   (no gloves)
MR       .....                  (no boots)
Stlth    +.........             (no amulet)
HPRegen  0.09/turn              (no ring)
MPRegen  0.09/turn              (no ring)

@: no status effects
A: small, carnivore
a: no special abilities


You were on level 3 of the Dungeon.
You were very full.

You visited 1 branch of the dungeon, and saw 3 of its levels.

You collected 87 gold pieces.

Inventory:

Hand Weapons
 a - a +0 rapier (weapon)
Missiles
 d - 2 throwing nets (quivered)
Armour
 b - a +0 leather armour (worn)
 c - a +0 helmet (worn)
Jewellery
 n - an uncursed ring of fire
Wands
 o - a wand of digging (7)
Scrolls
 h - 8 scrolls of identify {unknown}
 j - a scroll of fog {unknown}
 q - 2 scrolls of remove curse {unknown}
 r - a scroll of amnesia {unknown}
Potions
 i - a potion of haste {unknown}
 k - a potion of degeneration {unknown}
 l - a potion of brilliance {unknown}
 m - a potion of agility {unknown}
 p - a potion of invisibility {unknown}
Comestibles
 f - 8 rations


   Skills:
 + Level 3.0 Fighting
 + Level 4.8 Short Blades
 - Level 2.2 Throwing
 + Level 1.3 Armour
 + Level 4.3 Dodging


You had 3 spell levels left.
You didn't know any spells.
Your spell library was empty.

Dungeon Overview and Level Annotations

Branches:
Dungeon (3/15)

Altars:

Annotations:
D:1 1 runed translucent door
D:3 Grinder


Innate Abilities, Weirdness & Mutations

You are small and have problems with some larger weapons.
You are carnivorous and can eat meat at any time.


Message History

Grinder hits you.
You writhe in agony.
You hit Grinder.
Grinder is heavily wounded.
Grinder barely misses you.
You hit Grinder.
Grinder is heavily wounded.
Grinder gestures at you.
You shrug off the repeated paralysis!
You hit Grinder but do no damage.
Grinder is heavily wounded.
Grinder hits you.
You writhe in agony.
You hit Grinder but do no damage.
Grinder is heavily wounded.
Grinder gestures at you. Pain shoots through your body!
* * * LOW HITPOINT WARNING * * *
You hit Grinder.
Grinder is severely wounded.
Grinder hits you.
You die...

#.# #.## . #..
#.. #.####.. ..
.....#.##.##.#
#.##.#.......#
#.##.##.#.##.#
......5......#
#.##.##@#........
#.##.##.#########
###.......#
#.####.####
#.###.###
#......#
#.#.....# #.#.#.#
#####.#.#.#


You could see Grinder.

Vanquished Creatures
  2 adders (D:2)
  An ooze (D:2)
  3 worms (D:2)
  A dart slug (D:3)
  A leopard gecko (D:1)
  5 goblins
  5 hobgoblins
  4 jackals (D:2)
  A quokka (D:2)
  3 bats
  4 frilled lizards
  6 kobolds
  5 rats
41 creatures vanquished.

Notes
Turn   | Place    | Note
-------+----------+-------------------------------------------
     0 | D:1      | Borgoz the Kobold Gladiator began the quest for the Orb.
     0 | D:1      | Reached XP level 1. HP: 12/12 MP: 1/1
     1 | D:1      | Found a runed translucent door.
   295 | D:1      | Reached XP level 2. HP: 16/18 MP: 2/2
   923 | D:2      | Reached XP level 3. HP: 18/22 MP: 3/3
   990 | D:2      | Reached skill level 1 in Armour
  1489 | D:2      | Reached XP level 4. HP: 16/27 MP: 4/4
  2246 | D:3      | Noticed Grinder
  2275 | D:3      | Paralysed by Grinder for 4 turns
  2285 | D:3      | Slain by Grinder

Levels and vault maps discovered:
D:1:      dpeg_arrival_caged_fury, layout_basic
D:2:      layout_basic, first_ration
D:3:      layout_loops_cross, uniq_grinder

Skill      XL: |  1  2  3  4 |
---------------+-------------+-----
Dodging        | 4 |  4.3
Armour         | 1 |  1.3
Fighting       | 3 |  3.0
Short Blades   | |  4.8
Throwing       | |  2.2

Action                   |  1- 3 |  4- 6 || total
-------------------------+-------+-------++-------
Melee: Rapier            |    85 |    84 ||   169
Throw: Throwing net      |       |     1 ||     1
  Use: Potion            |       |     2 ||     2
 Stab: Sleeping          |     1 |     1 ||     2
       Held in net/web   |       |     1 ||     1
  Eat: Chunk             |     6 |     5 ||    11
Armor: Leather armour    |    16 |     6 ||    22
       Skin              |       |    10 ||    10
Dodge: Dodged            |    54 |    48 ||   102

Table legend:
 A = Non-vault XP
 B = Vault XP
 C = Vault XP percentage of total XP
 D = Non-vault monster count
 E = Vault monster count
 F = Vault count percentage of total count
                 A         B        C        D         E       F
            +---------+---------+-------+---------+---------+-------
      Total |     108 |       0 |   0.0 |      41 |       0 |   0.0
            +---------+---------+-------+---------+---------+-------
        D:1 |      17 |       0 |   0.0 |      11 |       0 |   0.0
        D:2 |      86 |       0 |   0.0 |      28 |       0 |   0.0
        D:3 |       5 |       0 |   0.0 |       2 |       0 |   0.0
            +---------+---------+-------+---------+---------+-------
